 Dungeon Sprint DCSS version 0.28.0-43-g3370ac3207 (webtiles) character file.

Game seed: 18250659968767612283

7 Baz the Slasher (level 1, -3/17 HPs)
             Began as a Demonspawn Gladiator on Mar 18, 2022.
             Was a Follower of Qazlal.
             Slain by a mummy (11 damage)
             ... in the Dungeon (Sprint VII: "The Pits").
             The game lasted 00:00:57 (438 turns).

Baz the Slasher (Demonspawn Gladiator)               Turns: 438, Time: 00:00:57

Health: -3/17      AC:  4    Str: 14    XL:     1   Next: 83%
Magic:  2/2        EV: 12    Int:  9    God:    Qazlal [*.....]
Gold:   0          SH:  1    Dex: 14    Spells: 0/0 levels left

rFire   . . .      SeeInvis .   k - +2 falchion
rCold   . . .      Faith    .   (no shield)
rNeg    . . .      Spirit   .   b - +0 leather armour
rPois   .          Reflect  .   c - +0 helmet
rElec   .          Harm     .   (no cloak)
rCorr   .          Rampage  .   (no gloves)
Will    .....      NoTele   +   (no boots)
Stlth   +.........              (no amulet)
HPRegen 0.05/turn               (no ring)
MPRegen 0.08/turn               (no ring)

@: no status effects
A: no striking features
a: Renounce Religion


You were in the Dungeon.
You worshipped Qazlal.
Qazlal was aware of your devotion.
You visited 1 branch

Inventory:

Hand Weapons
 a - a +0 long sword
 k - a +2 falchion (weapon)
Missiles
 d - 3 throwing nets (quivered)
Armour
 b - a +0 leather armour (worn)
 c - a +0 helmet (worn)
Scrolls
 j - a scroll of blinking
 m - 5 scrolls of amnesia
 n - a scroll of summoning
Potions
 e - a potion of curing
 f - a potion of heal wounds
 g - a potion of haste
 h - 4 potions of magic
 i - 3 potions of berserk rage
 l - 2 potions of invisibility


   Skills:
 + Level 2.6 Fighting
 + Level 3.1 Long Blades
 - Level 1.7 Throwing
 + Level 1.2 Armour
 + Level 3.1 Dodging
 + Level 1.5 Invocations


You couldn't memorise any spells.
You didn't know any spells.
Your spell library was empty.

Dungeon Overview and Level Annotations

Branches:
Dungeon (1/1)

Altars:
Ashenzari
Cheibriados
Dithmenos
Elyvilon
Fedhas
Gozag
Hepliaklqana
Kikubaaqudgha
Makhleb
Nemelex Xobeh
Okawaru
Qazlal
Ru
Sif Muna
Trog
Uskayaw
Vehumet
Wu Jian
Xom
Yredelemnul
Zin
The Shining One
Beogh
Jiyva
Lugonu


Message History

The orc is almost dead.
The orc barely misses you.
Unknown command.
You slash the orc!
You kill the orc!
Qazlal accepts your kill.
You are now surrounded by a storm.
You slash the goblin!
You kill the goblin!
Qazlal accepts your kill.
There is an open door here.
Things that are here:
a +0 club; a +0 flail; a goblin corpse You start resting.
Magic restored.
You start resting.
HP restored.
You start waiting.
Done waiting.
You open the door.
A bat, a mummy, a goblin and an adder come into view.
There is an open door here.
There is an open door here.
Things that are here:
a +0 club; a +0 flail; a goblin skeleton You see here a +0 whip.
There is an open door here.
Things that are here:
a +0 club; a +0 flail; a goblin skeleton You hit the mummy but do no damage.
The mummy hits you but does no damage.
You hit the mummy.
The mummy is moderately damaged.
You hit the mummy.
The mummy is moderately damaged.
The mummy hits you!
Ouch! That really hurt!
You hit the mummy.
The mummy is severely damaged.
The mummy hits you!
Ouch! That really hurt!
You die...

#_________.#
#_______...###########
##########'##.........
#.?(.')))'.##......#..
##########.##.........
#.........†.'.........
#+#####'#####......#..
#...).# #.........
#..@..# ####'#####
###M### #.......#
#.....# #.......#
#.....# #.......#
####'## #...<...#
#b......M##.......#
#g......S##.......#
###########.......#
#########


You could see a mummy.

Vanquished Creatures
  2 orcs (D)
  A hobgoblin (D)
  A frilled lizard (D)
  A goblin (D)
5 creatures vanquished.

Notes
Turn   | Place    | Note
-------+----------+-------------------------------------------
     0 | D        | Baz the Demonspawn Gladiator began the quest for the Orb.
     0 | D        | Reached XP level 1. HP: 16/16 MP: 1/1
    24 | D        | Found a bloodstained altar of Trog.
    24 | D        | Found a shimmering blue altar of Sif Muna.
    24 | D        | Found a viscous altar of Jiyva.
    24 | D        | Found a hazy altar of Hepliaklqana.
    24 | D        | Found an opulent altar of Gozag.
    25 | D        | Found a basalt altar of Yredelemnul.
    25 | D        | Found a shimmering altar of Xom.
    25 | D        | Found an ornate altar of the Wu Jian Council.
    25 | D        | Found a sacrificial altar of Ru.
    25 | D        | Found a stormy altar of Qazlal.
    25 | D        | Found an iron altar of Okawaru.
    25 | D        | Found a sparkling altar of Nemelex Xobeh.
    25 | D        | Found a burning altar of Makhleb.
    25 | D        | Found a blossoming altar of Fedhas.
    25 | D        | Found a shadowy altar of Dithmenos.
    25 | D        | Found a snail-covered altar of Cheibriados.
    26 | D        | Found a radiant altar of Vehumet.
    26 | D        | Found a corrupted altar of Lugonu.
    27 | D        | Found a hide-covered altar of Uskayaw.
    27 | D        | Found an ancient bone altar of Kikubaaqudgha.
    27 | D        | Found a broken altar of Ashenzari.
    30 | D        | Became a worshipper of Qazlal Stormbringer
    75 | D        | Reached skill level 1 in Armour
    75 | D        | Reached skill level 1 in Invocations
    86 | D        | Reached * piety under Qazlal
   438 | D        | Slain by a mummy

Illustrated notes

Levels and vault maps discovered:
D:        pitsprint [storerooms_1, entrance_room_1, metal_vault_5, armoury_1,
          mini_pit_1, grid_room_1, main_hall_1, silver_pit, the_coven_1,
          the_vestibule_1, steel_vault_4, golden_pit, hallway_of_sentries,
          crystal_vault_1, iron_vault_5, final_vault]

Skill      XL: |  1 |
---------------+----+-----
Long Blades    | 3 |  3.1
Armour         | 1 |  1.2
Dodging        | 3 |  3.1
Invocations    | 1 |  1.5
Fighting       | |  2.6
Throwing       | |  1.7

Action                   || total
-------------------------++-------
Melee: Falchion          ||    15
       Long sword        ||     7
Armor: Leather armour    ||     5
Dodge: Dodged            ||    12
